 Dungeon Crawl Stone Soup version 0.20-a0-556-g892c87b (webtiles) character file.

60 Alarkh the Grave Robber (level 3, -1/24 HPs)
             Began as a Mummy Necromancer on Feb 4, 2017.
             Was an Initiate of Gozag.
             Killed from afar by an orc wizard (15 damage)
             ... with a puff of flame
             ... on level 3 of the Dungeon.
             The game lasted 00:02:13 (1853 turns).

Alarkh the Grave Robber (Mummy Necromancer)         Turns: 1853, Time: 00:02:13

Health: -1/24      AC:  2    Str: 11    XL:     3   Next: 80%
Magic:  1/8        EV: 12    Int: 15    God:    Gozag
Gold:   286        SH:  0    Dex: 12    Spells: 6/10 levels left

rFire    x . .     SeeInvis .   c - +0 dagger
rCold    + . .     Gourm    .   a - +0 robe
rNeg     + + +     Faith    .   (no shield)
rPois    ∞         Spirit   .   (no helmet)
rElec    .         Reflect  .   (no cloak)
rCorr    .         Harm     .   (no gloves)
MR       .....                  (no boots)
Stlth    ++........             (no amulet)
Regen    0.1/turn               (no ring)
                                (no ring)

@: gold aura
A: no food or potions, fire vulnerability, cold resistance 1, negative energy
resistance 3, torment resistance, unbreathing
a: Potion Petition, Call Merchant, Bribe Branch, Renounce Religion


You were on level 3 of the Dungeon.
You worshipped Gozag.
Gozag was aware of your devotion.
You were not hungry.

You visited 1 branch of the dungeon, and saw 3 of its levels.

You collected 303 gold pieces.
You paid 17 gold pieces to Gozag.

Inventory:

Hand Weapons
 c - a +0 dagger (weapon)
Armour
 a - a +0 robe (worn)
Jewellery
 g - an uncursed ring of poison resistance {unknown}
Scrolls
 d - a scroll of teleportation {unknown}
 e - a scroll of blinking {unknown}
 f - a scroll of identify {unknown}
Books
 b - a book of Necromancy

   Spells                             Type                      Level
   a - Pain                           Necromancy                   1
   b - Animate Skeleton               Necromancy                   1
   c - Vampiric Draining              Necromancy                   3
   d - Regeneration                   Charms/Necromancy            3
   e - Animate Dead                   Necromancy                   4
   f - Control Undead                 Necromancy                   4


   Skills:
 + Level 0.2 Fighting
 + Level 1.9 Dodging
 + Level 1.5 Stealth
 + Level 4.0 Spellcasting
 + Level 4.6 Necromancy


You had 6 spell levels left.
You knew the following spells:

 Your Spells              Type           Power        Failure   Level  Hunger
a - Pain                  Necr           ###.         2%          1    N/A
b - Vampiric Draining     Necr           ###.......   10%         3    N/A

Dungeon Overview and Level Annotations

Branches:
Dungeon (3/15)

Altars:
Gozag
The Shining One


Innate Abilities, Weirdness & Mutations

You do not eat or drink.
Your flesh is vulnerable to fire.
You are immune to poison.
Your flesh is cold resistant. (rC+)
You are immune to negative energy. (rN+++)
You are immune to unholy pain and torment.
You can survive without breathing.


Message History

Aiming: Pain
Press: ? - help, Shift-Dir - straight line, f - orc wizard
Aim: an orc wizard, wielding a dagger and wearing a robe (chance to defeat MR: 75%)
The orc wizard writhes in agony!
The orc shouts!
The orc wizard casts a spell at you.
You are confused.
You're too confused to cast spells.
You're too confused to move!
A magic dart appears from out of thin air!
The magic dart hits you!
You bump into the rock wall.
The orc is no longer distracted by gold.
The orc priest is distracted by your gold.
You feel less confused.
The orc wizard points at you and mumbles some strange words.
The puff of flame hits you! The fire burns you terribly!
Ouch! That really hurt!
You die...
Your body crumbles into a pile of gold.

......#.#...........####.#
#######.#.##.#.#.......#.
# #.#..#.#.###.###.# #
#.#..#.#.#.....#.# #
#.#....#.#.......#
#.#.#..#.###.#.###
.#.#..#.#.#....#
#......#......#
####.#.#@#.##.#
............#.#
####...#o#.o# # ##..#$#..#
#..#.#..# ##.#o#..#
#.#.#..# #...#..# #...#..#


You could see an orc priest (unaware), an orc wizard and an orc.

Vanquished Creatures
  An adder (D:2)
  2 dart slugs (D:3)
  A leopard gecko (D:2)
  An orc (D:3)
  3 giant cockroaches (D:1)
  7 goblins
  6 hobgoblins
  2 jackals (D:1)
  6 bats
  5 kobolds
  8 rats
42 creatures vanquished.

Vanquished Creatures (others)
  4 toadstools (D:1)
4 creatures vanquished.

Grand Total: 46 creatures vanquished

Notes
Turn   | Place    | Note
-------+----------+-------------------------------------------
     0 | D:1      | Alarkh the Mummy Necromancer began the quest for the Orb.
     0 | D:1      | Reached XP level 1. HP: 13/13 MP: 4/4
    41 | D:1      | You fall through a shaft!
    60 | D:2      | Found an opulent altar of Gozag.
   254 | D:2      | Became a worshipper of Gozag Ym Sagoz the Greedy
   260 | D:2      | Reached XP level 2. HP: 19/19 MP: 3/5
   463 | D:2      | Found a glowing golden altar of the Shining One.
   862 | D:1      | Reached XP level 3. HP: 17/24 MP: 2/7
   867 | D:1      | Learned a level 3 spell: Vampiric Draining
  1853 | D:3      | Killed from afar by an orc wizard

Vault maps used:
D:1:      ldierk_walled_garden_2, grunt_decor_arrowhead
D:2:      minmay_wonky_spiral, nicolae_overflow_crystal_walls,
          old_standard_altar, first_bread

Skill      XL: |  1  2  3 |
---------------+----------+-----
Spellcasting   | 3 4 |  4.0
Fighting       | |  0.2
Dodging        | |  1.9
Stealth        | |  1.5
Necromancy     | |  4.6

Action                   || total
-------------------------++-------
Melee: Dagger            ||    23
       Unarmed           ||     2
 Cast: Pain              ||    76
 Stab: Sleeping          ||     1
Armor: Robe              ||     5
Dodge: Dodged            ||    31
